 Dungeon Crawl Stone Soup version 0.18.1-48-g4cf74bf (webtiles) character file.

4699 tagomago the Fighter (level 10, -7/95 HPs)
             Began as a Hill Orc Fighter on July 11, 2016.
             Was an Elder of Makhleb.
             Mangled by a komodo dragon (21 damage)
             ... on level 1 of the Lair of Beasts.
             The game lasted 00:21:43 (8036 turns).

tagomago the Fighter (Hill Orc Fighter)             Turns: 8036, Time: 00:21:43

Health: -7/95      AC: 16    Str: 22    XL:     10   Next: 45%
Magic:  12/12      EV:  8    Int:  8    God:    Makhleb [****..]
Gold:   503        SH: 10    Dex: 11    Spells: 0 memorised, 9 levels left

rFire  . . .     SeeInvis .     a - +0 war axe
rCold  . . .     Gourm    .     b - +0 scale mail
rNeg   . . .     Faith    .     c - +0 shield
rPois  +         Spirit   .     (no helmet)
rElec  .         Dismiss  .     y - +0 cloak
rCorr  .         Reflect  .     v - +0 pair of gloves
SustAt .         Harm     .     (no boots)
MR     .....                    (no amulet)
Stlth  ..........               r - +5 ring of protection
                                g - ring of poison resistance

@: not resistant to hostile enchantments, extremely unstealthy
A: no striking features
a: Minor Destruction, Lesser Servant of Makhleb, Major Destruction, Renounce
Religion


You were on level 1 of the Lair of Beasts.
You worshipped Makhleb.
Makhleb was greatly pleased with you.
You were not hungry.

You visited 3 branches of the dungeon, and saw 11 of its levels.

You collected 503 gold pieces.

Inventory:

Hand Weapons
 a - a +0 war axe (weapon)
 x - a cursed -2 flail
 A - a +2 mace of draining
 E - a +0 shortbow
Missiles
 F - 109 arrows
Armour
 b - a +0 scale mail (worn)
 c - a +0 shield (worn)
 v - a +0 pair of gloves (worn)
 y - a +0 cloak (worn)
Jewellery
 g - a ring of poison resistance (left hand)
 r - a +5 ring of protection (right hand)
 J - an uncursed ring of protection from fire {unknown}
Wands
 t - a wand of digging (9/24)
 w - a wand of flame (18/48)
 z - a wand of digging (6/24)
 B - a wand of lightning (9/15)
 H - a wand of lightning (9/15)
 I - a wand of acid (6/15)
Scrolls
 e - 5 scrolls of teleportation {unknown}
 h - 2 scrolls of blinking {unknown}
 i - 3 scrolls of immolation {unknown}
 j - a scroll of recharging {unknown}
 k - 8 scrolls of identify {unknown}
 p - 2 scrolls of remove curse {unknown}
 q - 2 scrolls of fog {unknown}
 u - a scroll of enchant weapon {unknown}
 C - a scroll of brand weapon {unknown}
 G - a scroll of fear {unknown}
Potions
 d - a potion of might
 l - 3 potions of haste {unknown}
 m - a potion of curing
 n - a potion of agility {unknown}
 o - a potion of brilliance {unknown}
 s - a potion of lignification {unknown}
 D - a potion of cure mutation {unknown}
 K - 3 potions of heal wounds {unknown}
 M - a potion of flight {unknown}
Books
 N - a book of Geomancy

   Spells                             Type                      Level
   a - Sandblast                      Earth                        1
   b - Passwall                       Transmutation/Earth          2
   c - Stone Arrow                    Conjuration/Earth            3
   d - Petrify                        Transmutation/Earth          4
   e - Lee's Rapid Deconstruction     Earth                        5
Comestibles
 f - 7 bread rations
 L - 6 beef jerkies


   Skills:
 - Level 11.0 Fighting
 * Level 10.0(10.2) Axes
 - Level 2.0(5.6) Maces & Flails
 + Level 9.6 Armour
 - Level 5.0 Shields
 - Level 3.6 Invocations


You had 9 spell levels left.
You didn't know any spells.

Dungeon Overview and Level Annotations

Branches:
Dungeon (9/15)             Temple (1/1) D:5            Lair (1/8) D:8
    Orc: D:9-12

Altars:
Ashenzari
Dithmenos
Elyvilon
Fedhas
Gozag
Makhleb
Okawaru
Pakellas
Qazlal
Trog
Vehumet
Xom
The Shining One

Shops:
D:8 :

Annotations:
D:8 exclusion: statue


Message History

The komodo dragon is severely wounded.
You hit the plant but do no damage.
The plant is lightly damaged.
The komodo dragon bites you!
* * * LOW HITPOINT WARNING * * *
You hit the komodo dragon but do no damage.
The komodo dragon is severely wounded.
You hit the plant.
The plant is lightly damaged.
The komodo dragon bites you!!
* * * LOW HITPOINT WARNING * * *
Drink which item? (? for menu, Esc to quit)
You feel better. The komodo dragon bites you!
* * * LOW HITPOINT WARNING * * *
Drink which item? (? for menu, Esc to quit)
You feel better. The komodo dragon barely misses you.
Drink which item? (? for menu, Esc to quit)
Okay, then.
A demon appears!
You feel slightly more hungry. The komodo dragon bites you!!
You die...

........... .. ...
......$..# ... ...
........#
.#.###.###.+#....#
............#....# .
#..?.......#....# ...
#...............#.....
.###.P...#P.#..........
.......@l........###..#
........3<...........
...♣♣♣♣♣♣♣..♣....♣♣...
. ♣...♣..♣♣ ...
♣.P♣.♣.P♣ ..
P≈≈.P♣....♣ ♣ ♣≈≈≈.♣
P.P..♣ ..♣≈≈. ♣.♣P.. P≈
.


You could see a komodo dragon and a friendly neqoxec.

Vanquished Creatures
  A hill giant (D:8)
  Pikel (D:5)
  A two-headed ogre (D:8)
  The ghost of Weeksy the Firebug, an amateur HOFE (D:5)
  Prince Ribbit (D:6)
  Grinder (D:5)
  The ghost of tyrion the Magician, an amateur NaWz (D:4)
  Eustachio (D:5)
  A water moccasin (D:8)
  A phantom (D:5)
  2 black bears
  An ice beast (D:8)
  4 ogres
  4 centaurs
  2 big kobolds (D:8)
  2 giant frogs
  A scorpion (D:8)
  8 crimson imps
  5 hounds
  A quasit (D:7)
  A giant frog zombie (D:5)
  2 orc priests (D:3)
  2 jellies
  7 orc wizards
  Crazy Yiuf (D:4)
  A gnoll shaman (D:4)
  A giant frog skeleton (D:7)
  2 iguanas
  Terence (D:3)
  5 worker ants
  13 adders
  3 gnolls
  A shadow imp (D:6)
  An adder skeleton (D:6)
  2 worms (D:3)
  2 giant geckos
  27 orcs
  2 ball pythons
  8 bats
  5 giant cockroaches
  6 hobgoblins
  8 jackals
  13 kobolds
  8 quokkas
  6 giant newts
  7 goblins
  A jackal skeleton (D:4)
  7 rats
183 creatures vanquished.

Vanquished Creatures (others)
  2 fungi (D:5)
2 creatures vanquished.

Grand Total: 185 creatures vanquished

Notes
Turn   | Place    | Note
--------------------------------------------------------------
     0 | D:1      | tagomago the Hill Orc Fighter began the quest for the Orb.
     0 | D:1      | Reached XP level 1. HP: 19/19 MP: 1/1
   114 | D:1      | Reached XP level 2. HP: 8/26 MP: 2/2
   138 | D:1      | HP: 1/26 [poisoned by an adder]
   857 | D:1      | Reached XP level 3. HP: 31/31 MP: 3/3
  1188 | D:2      | Reached skill level 5 in Axes
  1628 | D:2      | Reached XP level 4. HP: 39/39 MP: 4/4
  2180 | D:3      | Reached XP level 5. HP: 31/45 MP: 5/5
  2412 | D:3      | Found a burning altar of Makhleb.
  2433 | D:3      | Became a worshipper of Makhleb the Destroyer
  2446 | D:3      | Noticed Terence
  2451 | D:3      | Reached XP level 6. HP: 44/51 MP: 6/6
  2456 | D:3      | Killed Terence
  2528 | D:3      | Found a shimmering altar of Xom.
  2972 | D:3      | Reached XP level 7. HP: 47/57 MP: 7/7
  2976 | D:3      | Reached * piety under Makhleb
  3324 | D:4      | Found a burning altar of Makhleb.
  3335 | D:4      | Reached skill level 10 in Axes
  3448 | D:4      | Found a glowing golden altar of the Shining One.
  3496 | D:4      | Reached skill level 4 in Fighting
  3496 | D:4      | Reached skill level 1 in Invocations
  3618 | D:4      | Noticed tyrion's ghost (amateur NaWz)
  3634 | D:4      | Killed tyrion's ghost
  3827 | D:4      | Reached skill level 5 in Fighting
  4063 | D:4      | Reached XP level 8. HP: 65/69 MP: 10/10
  4190 | D:4      | Noticed Crazy Yiuf
  4195 | D:4      | Killed Crazy Yiuf
  4266 | D:5      | Entered Level 5 of the Dungeon
  4289 | D:4      | Reached skill level 6 in Fighting
  4304 | D:5      | Reached ** piety under Makhleb
  4374 | D:5      | Noticed Weeksy's ghost (amateur HOFE)
  4387 | D:5      | Killed Weeksy's ghost
  4391 | D:5      | Reached skill level 7 in Fighting
  4404 | D:5      | Noticed Grinder
  4551 | D:5      | Paralysed by Grinder for 5 turns
  4567 | D:5      | Killed Grinder
  4573 | D:5      | Reached skill level 8 in Fighting
  4614 | D:5      | Noticed Eustachio
  4650 | D:5      | Found a staircase to the Ecumenical Temple.
  4658 | Temple   | Entered the Ecumenical Temple
  4854 | D:5      | Killed Eustachio
  4863 | D:5      | Reached skill level 9 in Fighting
  4895 | D:5      | Reached XP level 9. HP: 83/83 MP: 11/11
  4939 | D:5      | Noticed Pikel
  4939 | D:5      | Found a blossoming altar of Fedhas.
  4939 | D:5      | Found a stormy altar of Qazlal.
  4973 | D:5      | Killed Pikel
  4973 | D:5      | Reached skill level 10 in Fighting
  4973 | D:5      | Reached skill level 5 in Armour
  5402 | D:6      | Noticed Prince Ribbit
  5426 | D:6      | Killed Prince Ribbit
  5449 | D:6      | Reached *** piety under Makhleb
  5600 | D:6      | Reached skill level 11 in Fighting
  6591 | D:8      | Found Bexaxtag's Book Shoppe.
  6597 | D:8      | Found an oddly glowing altar of Pakellas.
  6621 | D:8      | Found a bloodstained altar of Trog.
  6725 | D:8      | Reached XP level 10. HP: 91/95 MP: 12/12
  6771 | D:8      | Noticed a hill giant
  6780 | D:8      | Killed a hill giant
  6992 | D:8      | Reached skill level 5 in Shields
  7333 | D:8      | Found a radiant altar of Vehumet.
  7419 | D:8      | Reached skill level 1 in Maces & Flails
  7456 | D:8      | Reached **** piety under Makhleb
  7550 | D:8      | Found a shadowy altar of Dithmenos.
  7608 | D:8      | Found a staircase to the Lair.
  8003 | Lair:1   | Entered Level 1 of the Lair of Beasts
  8029 | Lair:1   | HP: 4/95 [komodo dragon (21)]
  8036 | Lair:1   | Mangled by a komodo dragon

Skill      XL: |  1  2  3  4  5  6  7  8  9 10 |
---------------+-------------------------------+-----
Axes           | 4 5 6 8 9 10 | 10.0
Fighting       | 5 9 11 | 11.0
Invocations    | 3 |  3.6
Armour         | 4 7 9 |  9.6
Shields        | 4 5 |  5.0
Maces & Flails | 2 |  2.0

Action                   |  1- 3 |  4- 6 |  7- 9 | 10-12 || total
-------------------------+-------+-------+-------+-------++-------
Melee: War axe           |    97 |   124 |   398 |   119 ||   738
Invok: Minor Destruction |       |       |     1 |     2 ||     3
       Lesser Servant of |       |       |       |     2 ||     2
  Use: Potion            |       |       |     1 |     2 ||     3
  Eat: Bread ration      |     1 |     1 |     1 |       ||     3
       Chunk             |       |     1 |     7 |       ||     8
       Meat ration       |       |       |       |     1 ||     1
Armor: Scale mail        |    47 |    47 |   199 |    42 ||   335
Dodge: Dodged            |    39 |    29 |   126 |    17 ||   211
Block: Shield            |    57 |    54 |   212 |    44 ||   367
